 Dungeon Crawl Stone Soup version 0.31-a0-1615-ga12eea2 (webtiles) character file.

Game seed: 10861377455419498693

80 PidgeyThePirate the Trooper (level 4, -1/35 HPs)
             Began as a Demonspawn Fighter on Jan 9, 2024.
             Slain by a ball python (3 damage)
             ... on level 2 of the Dungeon.
             The game lasted 00:03:49 (1754 turns).

PidgeyThePirate the Trooper (Demonspawn Fighter)    Turns: 1754, Time: 00:03:50

Health: -1/35      AC:  8    Str: 18    XL:     4   Next: 18%
Magic:  4/4        EV:  6    Int:  8    God:
Gold:   70         SH:  4    Dex: 13    Spells: 3/3 levels left

rFire   . . .        a - +0 rapier
rCold   . . .        c - +0 buckler
rNeg    . . .        b - +0 scale mail
rPois   .            (no helmet)
rElec   .            e - scarf {repulsion}
rCorr   .            (no gloves)
SInv    .            (no boots)
Will    +....        (no amulet) Stlth
                     (no ring)
HPRegen 0.25/turn    (no ring)
MPRegen 0.09/turn

%: repel missiles
@: enlightened, flying, constricted
A: molten scales 1
a: no special abilities


You were on level 2 of the Dungeon.
You visited 1 branch of the dungeon, and saw 3 of its levels.

You collected 70 gold pieces.

Inventory:

Hand Weapons
 a - a +0 rapier (weapon)
Armour
 b - a +0 scale mail (worn)
 c - a +0 buckler (worn)
 e - a scarf of repulsion (worn)
Scrolls
 g - 2 scrolls of identify {unknown}
 h - a scroll of acquirement {unknown}
 i - a scroll of vulnerability {unknown}
 j - 2 scrolls of enchant weapon {unknown}
 k - a scroll of poison {unknown}
 l - a scroll of immolation {unknown}
Potions
 d - a potion of might


   Skills:
 + Level 3.4 Fighting
 * Level 2.7 Short Blades
 + Level 3.3 Armour
 + Level 0.6 Dodging
 + Level 3.0 Shields


You had 3 spell levels left.
You didn't know any spells.
Your spell library contained the following spells:

 Spells                   Type           Power      Damage    Failure   Level
 Call Canine Familiar     Summ           0%         N/A       99%         3
 Sigil of Binding         Hex            0%         N/A       99%         3
 Dimensional Bullseye     Hex/Tloc       0%         N/A       100%        4


Dungeon Overview and Level Annotations

Branches:
Dungeon (3/15)

Altars:
Dithmenos

Shops:
D:1 (


Innate Abilities, Weirdness & Mutations

You are partially covered in molten scales. (AC +2)


Message History

You barely miss the orc.
The orc is heavily wounded.
The ball python bites you but does no damage.
The ball python constricts you. You block the goblin's attack.
The orc hits you but does no damage. The orc hits you with a +0 short sword.
* * * LOW HITPOINT WARNING * * *
The kobold barely misses you.
You hit the orc.
You kill the orc!
The ball python barely misses you. The ball python constricts you.
You block the goblin's attack. The orc hits you but does no damage.
The kobold hits you but does no damage.
The ball python bites you but does no damage.
The ball python constricts you.
You closely miss the kobold. The goblin hits you but does no damage.
The orc barely misses you. The kobold hits you but does no damage.
The ball python bites you but does no damage.
The ball python constricts you.
* * * LOW HITPOINT WARNING * * *
The goblin hits you with a +0 club.
* * * LOW HITPOINT WARNING * * *
You hit the orc.
The orc is heavily wounded.
The orc closely misses you. The kobold closely misses you.
You block the ball python's attack. The ball python constricts you.
* * * LOW HITPOINT WARNING * * *
The goblin completely misses you. You block the kobold's attack.
The orc hits you but does no damage.
You hit the orc but do no damage.
The orc is heavily wounded.
The ball python bites you but does no damage.
The ball python constricts you. The goblin hits you with a +0 club.
* * * LOW HITPOINT WARNING * * *
The ball python bites you but does no damage.
The ball python constricts you. The kobold barely misses you.
The orc barely misses you.
It was a potion of enlightenment.
You feel very buoyant.
You fly up into the air.
The ball python bites you.
You die...

###.##.####.#.####.##
#.# .##.##.#
#...####.# #.#
.##.##.#####.###...#
#.# .##.##...# #.#
#.### #.# .##.####.#
#.# #.# #.# .##.# #.#
#.# #.# #.# .##.#
#.###.###.## #.#
....#
#.......o.K#######.#
#####
#####.###@.........#
..#
##...#g)S#########
..## ##.........#
...# ##..........#
...# #...........#
...# ##..........#
...# ##.....#.#.#
..(# ##...##(#.# ##.#
##.###.#.#


You could see an orc, a goblin, a ball python and a kobold.

Vanquished Creatures
  An adder (D:2)
  A ribbon worm (D:2)
  5 dart slugs
  2 orcs (D:2)
  A ball python (D:1)
  7 endoplasms
  3 giant cockroaches (D:1)
  4 goblins
  3 hobgoblins (D:2)
  4 jackals
  A quokka (D:1)
  8 bats
  A frilled lizard (D:1)
  6 kobolds
  3 rats
50 creatures vanquished.

Notes
Turn   | Place    | Note
-------+----------+-------------------------------------------
     0 | D:1      | PidgeyThePirate the Demonspawn Fighter began the quest for
                  | the Orb.
     0 | D:1      | Reached XP level 1. HP: 18/18 MP: 1/1
   162 | D:1      | Gained mutation: You are partially covered in molten
                  | scales. (AC +2) [demonic ancestry]
   162 | D:1      | Reached XP level 2. HP: 21/24 MP: 2/2
   353 | D:1      | Found Gejitut's Antique Weapon Boutique.
   443 | D:1      | Reached XP level 3. HP: 22/29 MP: 3/3
  1295 | D:2      | Reached XP level 4. HP: 26/35 MP: 4/4
  1373 | D:2      | Found a shadowy altar of Dithmenos.
  1753 | D:2      | HP: 1/35 [goblin/+0 club (3)]
  1754 | D:2      | Slain by a ball python

Illustrated notes

Levels and vault maps discovered:
D:1:      saegor_arrival_under_anarchy, layout_basic, serial_shops,
          nicolae_shop_behind_doors, nicolae_figureground_pulse
D:2:      layout_loops_ring, basic_altar
D:3:      cheibrodos_old_hovel, layout_rooms, gammafunk_temple_overflow_pools,
          portal_sewer_entry_b

Skill      XL: |  1  2  3 |
---------------+----------+-----
Armour         | 3 |  3.3
Short Blades   | 2 |  2.7
Shields        | 3 |  3.0
Fighting       | |  3.4
Dodging        | |  0.6

Action                     |  1- 3 |  4- 6 || total
---------------------------+-------+-------++-------
  Melee: Rapier            |   137 |    35 ||   172
    Use: Potion            |       |     1 ||     1
 Armour: Scale mail        |    97 |    72 ||   169
  Dodge: Dodged            |    71 |    41 ||   112
         Repelled          |     1 |       ||     1
  Block: Buckler           |    33 |    24 ||    57

Table legend: (Time is in decaauts)
 A = Elapsed time spent in this place.
 B = Non-inter-level travel time spent in this place.
 C = Inter-level travel time spent in this place.
 D = Time resting spent in this place.
 E = Time spent auto-exploring this place.
 F = Levels seen in this place.
 G = Mean time per level.
                   A        B        C        D        E       F      G
               +--------+--------+--------+--------+--------+-----+--------+
         Total |   1776 |   1655 |    121 |      0 |   1208 |   3 |  592.0 |
       Dungeon |   1776 |   1655 |    121 |      0 |   1208 |   3 |  592.0 |
               +--------+--------+--------+--------+--------+-----+--------+

Top non-repeatable levels by time:
     D:2: 937 daAuts
     D:1: 825 daAuts
     D:3: 14 daAuts
